 Dungeon Crawl Stone Soup version 0.27-a0-1591-gc56fcc985a (webtiles) character file.

Game seed: 18298449348058814388

4456 Mitsuki the Arsonist (level 10, -2/56 HPs)
             Began as a Deep Elf Fire Elementalist on July 19, 2021.
             Was a Believer of Vehumet.
             Slain by a five-headed hydra (14 damage)
             ... on level 8 of the Dungeon.
             The game lasted 00:31:50 (9128 turns).

Mitsuki the Arsonist (Deep Elf Fire Elementalist)   Turns: 9128, Time: 00:31:50

Health: -2/56      AC:  5    Str:  6    XL:     10   Next: 15%
Magic:  17/24      EV: 15    Int: 23    God:    Vehumet [**....]
Gold:   434        SH:  4    Dex: 15    Spells: 14/25 levels left

rFire    + + .     SeeInvis .   D - +1 morningstar (flame)
rCold    + . .     Faith    .   (no shield)
rNeg     . . .     Spirit   .   m - +0 steam dragon scales
rPois    .         Reflect  .   (no helmet)
rElec    .         Harm     .   p - scarf {rC+ rF+}
rCorr    +         Rampage  .   (no gloves)
Will     +....                  (no boots)
Stlth    ++........             k - amulet of regeneration
HPRegen  1.18/turn              b - ring of resist corrosion
MPRegen  0.19/turn              B - ring of protection from fire

@: very slightly contaminated
A: talons 1, large bone plates 1
a: Renounce Religion


You were on level 8 of the Dungeon.
You worshipped Vehumet.
Vehumet was pleased with you.
You visited 2 branches of the dungeon, and saw 9 of its levels.

You collected 434 gold pieces.

Inventory:

Hand Weapons
 D - a +1 morningstar of flaming (weapon)
Missiles
 o - 2 curare-tipped darts
Armour
 m - +0 steam dragon scales (worn)
 p - a scarf of resistance (worn)
Jewellery
 b - a ring of resist corrosion (left hand)
 k - an amulet of regeneration (around neck)
 B - a ring of protection from fire (right hand)
Wands
 i - a wand of iceblast (13)
 s - a wand of acid (10)
Scrolls
 c - a scroll of acquirement {unknown}
 f - 5 scrolls of amnesia
 h - 2 scrolls of teleportation
 l - a scroll of silence {unknown}
 r - a scroll of magic mapping {unknown}
 t - 2 scrolls of enchant armour {unknown}
 v - a scroll of noise {unknown}
 w - 2 scrolls of blinking {unknown}
 y - 2 scrolls of fog {unknown}
 A - a scroll of fear {unknown}
Potions
 e - 3 potions of heal wounds
 g - 3 potions of lignification
 n - 2 potions of curing
 q - a potion of haste
 z - a potion of cancellation
 C - a potion of brilliance


   Skills:
 - Level 3.3 Fighting
 + Level 2.6 Armour
 - Level 6.1 Dodging
 - Level 2.4 Stealth
 + Level 8.2 Spellcasting
 + Level 6.0 Conjurations
 * Level 11.3 Fire Magic


You had 14 spell levels left.
You knew the following spells:

 Your Spells              Type           Power      Damage    Failure   Level
a - Foxfire               Conj/Fire      100%       2x1d9     1%          1
b - Searing Ray           Conj           74%        3d6       1%          2
c - Fireball              Conj/Fire      24%        3d11      5%          5
d - Conjure Flame         Conj/Fire      49%        6-21      1%          3

Your spell library contained the following spells:

 Spells                   Type           Power      Damage    Failure   Level
 Inner Flame              Hex/Fire       35%        N/A       1%          3
 Sticky Flame             Conj/Fire      49%        2d7       1%          4


Dungeon Overview and Level Annotations

Branches:
Dungeon (8/15)             Temple (1/1) D:6
   Lair: D:8-11

Altars:
Ashenzari
Cheibriados
Elyvilon
Fedhas
Gozag
Hepliaklqana
Kikubaaqudgha
Makhleb
Nemelex Xobeh
Okawaru
Qazlal
Ru
Sif Muna
Trog
Uskayaw
Vehumet
Wu Jian
Xom
Yredelemnul
Zin
The Shining One

Shops:
D:1 ?   D:5 *[


Innate Abilities, Weirdness & Mutations

You have sharp toenails.
You are partially covered in large bone plates. (SH +4)


Message History

You conjure some foxfire!
The eight-headed hydra roars!
The foxfire hits the eight-headed hydra!
The eight-headed hydra is heavily wounded.
The eight-headed hydra is engulfed in blazing flames.
The five-headed hydra roars!
You now have 14/22 mp.
Casting: Foxfire (safe; 1% risk of failure)
Press: ? - help, Q - select action, (/) - cycle Dir - look around, f - activate You conjure some foxfire!
The foxfire hits the eight-headed hydra.
The eight-headed hydra is severely wounded.
The eight-headed hydra is engulfed in blazing flames.
The foxfire hits the eight-headed hydra.
You kill the eight-headed hydra!
Vehumet accepts your kill.
You feel your power returning.
Your Spellcasting skill increases to level 8!
Your Conjurations skill increases to level 6!
You have reached level 10!
You regained 5 hp, and now have 36/56 hp.
You regained 3 mp, and now have 17/24 mp.
Casting: Foxfire (safe; 1% risk of failure)
Press: ? - help, Q - select action, (/) - cycle Dir - look around, f - activate You conjure some foxfire!
You flicker back into view.
The five-headed hydra is engulfed in blazing flames.
The five-headed hydra bites you.
The five-headed hydra bites you but does no damage.
The five-headed hydra bites you! x2
* * * LOW HITPOINT WARNING * * *
The five-headed hydra bites you.
* * * LOW HITPOINT WARNING * * *
You take 25 damage, and have 11/56 hp.
MASSIVE DAMAGE!!
Your foxfire dissipates!
The foxfire hits the five-headed hydra.
The five-headed hydra is lightly wounded.
The five-headed hydra is engulfed in blazing flames.
The five-headed hydra bites you!
You die...

.♣ ♣♣o♣ #... ##
#######D##############...
#♣...♣♣..D♣♣...♣#....#####
#.♣♣♣..♣♣♣..♣♣♣.#<.#.# #
#.♣ ♣..♣ ♣..♣ ♣.#..#.#
#.♣♣♣..♣♣♣..♣♣♣)#.)#.#
#♣...♣♣.o.♣♣...♣#..#.#
#######D########..#.#
........@....†....#.#
#########.........#.#
#.##.#....#.#
#.##.#.##.#g#
#.##.#....#.#
#.##.######.#
#.##...g....#
#.########### #..


You could see a five-headed hydra and an orc knight.

Vanquished Creatures
  A hydra (D:8)
  Maggie (D:8)
  Sigmund (D:2)
  3 yaks
  Grum (D:8)
  3 steam dragons
  Menkaure (D:5)
  A water moccasin (D:7)
  2 ice beasts
  An orc warrior (D:7)
  2 black bears
  2 ogres
  A wolf (D:8)
  3 centaurs
  2 bullfrogs (D:8)
  A gnoll sergeant (D:8)
  A water moccasin zombie (D:6)
  A water moccasin skeleton (D:5)
  An electric eel (D:7)
  2 centaur zombies (D:6)
  A hound (D:6)
  A jelly (D:4)
  Crazy Yiuf (D:6)
  3 orc priests
  2 centaur skeletons
  3 iguanas
  5 orc wizards
  Terence (D:3)
  2 killer bee zombies
  A hound zombie (D:5)
  A hound skeleton (D:4)
  2 howler monkey zombies (D:7)
  8 gnolls
  2 howler monkey skeletons
  2 adders (D:2)
  A river rat (D:3)
  A white imp (D:7)
  5 worms
  2 dart slugs
  17 orcs
  6 endoplasms
  9 giant cockroaches
  8 goblins
  5 hobgoblins
  5 jackals
  4 quokkas
  5 ball pythons
  5 bats
  2 frilled lizards
  A jackal skeleton (D:4)
  9 kobolds
  10 rats
161 creatures vanquished.

Vanquished Creatures (others)
  715 foxfires
715 creatures vanquished.

Grand Total: 876 creatures vanquished

Notes
Turn   | Place    | Note
-------+----------+-------------------------------------------
     0 | D:1      | Mitsuki the Deep Elf Fire Elementalist began the quest for
                  | the Orb.
     0 | D:1      | Reached XP level 1. HP: 10/10 MP: 6/6
    37 | D:1      | Found Gaecvaosm's Magic Scroll Shoppe.
   208 | D:1      | Reached XP level 2. HP: 15/15 MP: 1/8
   952 | D:2      | Noticed Sigmund
  1257 | D:2      | Killed Sigmund
  1258 | D:2      | Reached skill level 4 in Fire Magic
  1258 | D:2      | Reached XP level 3. HP: 19/19 MP: 2/10
  1258 | D:2      | Reached XP level 4. HP: 24/24 MP: 2/12
  1258 | D:2      | Reached XP level 5. HP: 28/28 MP: 2/13
  1463 | D:2      | Found a faded altar of an unknown god.
  1562 | D:2      | Reached skill level 5 in Fire Magic
  2722 | D:3      | Found an ancient bone altar of Kikubaaqudgha.
  2806 | D:3      | Found a glowing silver altar of Zin.
  3321 | D:3      | Noticed Terence
  3343 | D:3      | Killed Terence
  3344 | D:3      | Reached XP level 6. HP: 19/32 MP: 7/14
  4194 | D:4      | Reached skill level 6 in Fire Magic
  4586 | D:4      | Found a stormy altar of Qazlal.
  4812 | D:5      | Entered Level 5 of the Dungeon
  4871 | D:5      | Learned a level 3 spell: Conjure Flame
  4875 | D:5      | Reached XP level 7. HP: 36/36 MP: 10/15
  4978 | D:5      | Found a radiant altar of Vehumet.
  4978 | D:5      | Noticed Menkaure
  4989 | D:5      | Killed Menkaure
  4990 | D:5      | Reached skill level 5 in Dodging
  4998 | D:5      | Became a worshipper of Vehumet
  5220 | D:5      | Reached skill level 7 in Fire Magic
  5306 | D:5      | Found Wiarphob's Antique Armour Shoppe.
  5590 | D:5      | Found Otajude's Assorted Antiques.
  5787 | D:6      | Found a hazy altar of Hepliaklqana.
  5924 | D:6      | Reached XP level 8. HP: 30/42 MP: 10/16
  6152 | D:6      | Reached skill level 5 in Conjurations
  6157 | D:6      | Reached skill level 1 in Fighting
  6261 | D:6      | Found a runed translucent door.
  6262 | D:6      | Noticed Crazy Yiuf
  6401 | D:6      | Reached skill level 8 in Fire Magic
  6567 | D:6      | Found an ornate altar of the Wu Jian Council.
  6852 | D:6      | Reached * piety under Vehumet
  6852 | D:6      | Offered knowledge of Sandblast by Vehumet.
  6994 | D:6      | Found a staircase to the Ecumenical Temple.
  7019 | D:6      | Reached skill level 5 in Spellcasting
  7020 | Temple   | Entered the Ecumenical Temple
  7406 | D:6      | Killed Crazy Yiuf
  7526 | D:7      | Reached skill level 9 in Fire Magic
  7540 | D:7      | Learned a level 5 spell: Fireball
  7738 | D:7      | Reached XP level 9. HP: 49/49 MP: 12/19
  8009 | D:7      | Found an opulent altar of Gozag.
  8010 | D:7      | Found a sparkling altar of Nemelex Xobeh.
  8010 | D:7      | Found a broken altar of Ashenzari.
  8011 | D:7      | Found a snail-covered altar of Cheibriados.
  8249 | D:8      | Noticed Maggie
  8309 | D:7      | Reached skill level 10 in Fire Magic
  8543 | D:8      | Killed Maggie
  8544 | D:8      | Reached skill level 1 in Armour
  8683 | D:8      | Noticed Grum
  8684 | D:8      | Reached ** piety under Vehumet
  8692 | D:8      | Killed Grum
  8692 | D:8      | Offered knowledge of Searing Ray by Vehumet.
  8696 | D:8      | Learned a level 2 spell: Searing Ray
  8777 | D:8      | Noticed a manticore
  8794 | D:7      | Gained mutation: You are partially covered in large bone
                  | plates. (SH +4) [potion of mutation]
  8794 | D:7      | Gained mutation: You have sharp toenails. [potion of
                  | mutation]
  8903 | D:8      | Reached skill level 11 in Fire Magic
  9094 | D:8      | Noticed a five-headed hydra
  9094 | D:8      | Noticed an eight-headed hydra
  9095 | D:8      | Noticed an orc knight
  9126 | D:8      | Killed an eight-headed hydra
  9127 | D:8      | Reached XP level 10. HP: 36/56 MP: 17/24
  9128 | D:8      | Slain by a five-headed hydra

Illustrated notes

Levels and vault maps discovered:
D:1:      ncdulo_halloftheorcs, layout_rooms, serial_shops, shop, hex_medium,
          serial_park_tiny_1, st_stairs_13, minmay_misc_feat_nine_boxes
D:2:      layout_rooms, dreamdust_ecumenical_altar_hidden_monk_grotto,
          uniq_sigmund
D:3:      layout_basic, marbit_many_paths, zin_treasury, gup_sewer_entry_spiral,
          minmay_quadrilaterals, uniq_terence
D:4:      layout_gridville, grunt_qazlal_sundering
D:5:      layout_basic, mainiacjoe_overflow_24_doors, serial_shops,
          kennysheep_mini, nicolae_stop_n_shop_1, uniq_menkaure
D:6:      layout_loops_corners, nicolae_wu_jian_wuxing_cycle,
          nzn_hepliaklqana_mist_gate, minmay_temple_entry_statues_fountains,
          uniq_crazy_yiuf_cottage
D:7:      layout_cave_pools, chequers_temple_overflow_statue_of_worship,
          water_maze_lemuel
D:8:      nzn_winding_woodlands_cross [nzn_winding_woodlands_5x15_zeroes,
          nzn_winding_woodlands_5x15_twine, nzn_winding_woodlands_5x15_pockets,
          nzn_winding_woodlands_5x15_jagged,
          nzn_winding_woodlands_15x15_thick_spiral], layout_basic,
          minmay_diamond_spiral, uniq_maggie, uniq_grum
Temple:   jpeg_temple_clearing

Skill      XL: |  1  2  3  4  5  6  7  8  9 |
---------------+----------------------------+-----
Dodging        | 3 4 5 6 |  6.1
Spellcasting   | 4 5 8 |  8.2
Conjurations   | 2 3 4 5 6 |  6.0
Fire Magic     | 4 5 6 7 9 11 | 11.3
Fighting       | 2 3 |  3.3
Armour         | 2 |  2.6
Stealth        | |  2.4

Action                   |  1- 3 |  4- 6 |  7- 9 | 10-12 || total
-------------------------+-------+-------+-------+-------++-------
Melee: Whip              |    11 |    82 |    52 |       ||   145
       Morningstar       |       |       |    10 |       ||    10
       Kick              |       |       |     1 |       ||     1
 Cast: Foxfire           |    46 |   148 |   227 |     1 ||   422
       Conjure Flame     |       |       |    17 |       ||    17
       Searing Ray       |       |       |     4 |       ||     4
  Use: Scroll            |       |     2 |     9 |       ||    11
       Potion            |       |       |     2 |       ||     2
 Stab: Sleeping          |       |     3 |     1 |       ||     4
Armor: Robe              |     3 |    13 |    19 |       ||    35
       Steam dragon scal |       |       |    10 |     1 ||    11
Dodge: Dodged            |    11 |    62 |   151 |       ||   224
Block: Other             |       |       |     7 |       ||     7

Table legend: (Time is in decaauts)
 A = Elapsed time spent in this place.
 B = Non-inter-level travel time spent in this place.
 C = Inter-level travel time spent in this place.
 D = Time resting spent in this place.
 E = Time spent auto-exploring this place.
 F = Levels seen in this place.
 G = Mean time per level.
                   A        B        C        D        E       F      G
               +--------+--------+--------+--------+--------+-----+--------+
         Total |   9213 |   8761 |    452 |    567 |   6580 |   9 | 1023.7 |
       Dungeon |   9101 |   8662 |    439 |    567 |   6482 |   8 | 1137.6 |
        Temple |    111 |     98 |     13 |      0 |     98 |   1 |  111.0 |
               +--------+--------+--------+--------+--------+-----+--------+

Top non-repeatable levels by time:
     D:3: 1715 daAuts
     D:6: 1617 daAuts
     D:1: 1241 daAuts
     D:4: 971 daAuts
     D:2: 956 daAuts
     D:5: 955 daAuts
     D:7: 946 daAuts
     D:8: 697 daAuts
  Temple: 111 daAuts
